 Dungeon Crawl Stone Soup version 0.28.0-45-g0d030f2227 (webtiles) character file.

Game seed: 8851262591279575018

17 Andrea the Firebug (level 2, -1/15 HPs)
             Began as a Deep Elf Fire Elementalist on Apr 24, 2022.
             Slain by a phantom (7 damage)
             ... on level 2 of the Dungeon.
             The game lasted 00:02:23 (773 turns).

Andrea the Firebug (Deep Elf Fire Elementalist)      Turns: 773, Time: 00:02:24

Health: -1/15      AC:  3    Str:  5    XL:     2   Next: 44%
Magic:  5/8        EV: 12    Int: 19    God:
Gold:   7          SH:  0    Dex: 15    Spells: 4/7 levels left

rFire   . . .      SeeInvis .   (no weapon)
rCold   . . .      Faith    .   (no shield)
rNeg    . . .      Spirit   .   a - +0 robe
rPois   .          Reflect  .   (no helmet)
rElec   .          Harm     .   (no cloak)
rCorr   .          Rampage  .   c - +0 pair of gloves
Will    .....                   (no boots)
Stlth   ++........              (no amulet)
HPRegen 0.05/turn               (no ring)
MPRegen 0.11/turn               (no ring)

@: no status effects
A: no striking features
a: no special abilities


You were on level 2 of the Dungeon.
You visited 1 branch of the dungeon, and saw 2 of its levels.

You collected 7 gold pieces.

Inventory:

Armour
 a - a +0 robe (worn)
 c - a +0 pair of gloves (worn)
Scrolls
 b - a scroll of blinking


   Skills:
 - Level 2.5 Dodging
 - Level 2.5 Stealth
 + Level 3.4 Spellcasting
 * Level 1.3 Conjurations
 + Level 3.7 Fire Magic


You had 4 spell levels left.
You knew the following spells:

 Your Spells              Type           Power      Damage    Failure   Level
a - Foxfire               Conj/Fire      52%        2x1d6     4%          1
b - Scorch                Fire           34%        2d6       4%          2

Your spell library contained the following spells:

 Spells                   Type           Power      Damage    Failure   Level
 Conjure Flame            Conj/Fire      13%        6-21      16%         3
 Inner Flame              Hex/Fire       10%        N/A       21%         3
 Flame Wave               Conj/Fire      13%        2d6       45%         4


Dungeon Overview and Level Annotations

Branches:
Dungeon (1/15)

Altars:


Message History

You conjure some foxfire!
The foxfire hits the phantom.
The phantom is lightly damaged.
Casting: Foxfire (safe; 4% risk of failure)
Confirm with . or Enter, or press ? or * to list all spells.
Flames lash the phantom.
The phantom is moderately damaged.
The phantom's fire resistance burns away.
The phantom barely misses you.
Your magical contamination has completely faded away.
The phantom is no longer more vulnerable to fire.
The phantom barely misses you. The phantom hits you. The phantom misses you.
The phantom hits you!
The phantom blinks!
You blink.
Casting: Scorch (safe; 4% risk of failure)
Confirm with . or Enter, or press ? or * to list all spells.
You conjure some foxfire!
The foxfire hits the phantom but does no damage.
The phantom is moderately damaged.
You aren't carrying any potions.
Okay, then.
Casting: Foxfire (safe; 4% risk of failure)
Confirm with . or Enter, or press ? or * to list all spells.
Okay, then.
Sorry, you're not good enough to have a special ability.
Unknown command.
Unknown command.
Blink to where?
Press: ? - help, Dir - move target
Found 23 arrows.
As you read the scroll labelled ITIQUI VIMAOCWED, it crumbles to dust.
It was a scroll of blinking.
An adder comes into view.
As you read the scroll labelled HUMPUCREOSA, it crumbles to dust.
It is a scroll of identify.
You don't have any unidentified items.
The phantom hits you but does no damage.
The phantom hits you!
You die...

.# ### #. #.# ..
#.# .# #.# ##.# #.#
#.. #.# #.# #.#
##@# #.# #.W# ...
#####)#####.##
....#...........##
.................##
..................#
S.#...............#
#...........(...#
#...............#


You could see a phantom.

Vanquished Creatures
  A goblin (D:2)
  A hobgoblin (D:1)
  4 jackals (D:1)
  A quokka (D:1)
  A ball python (D:1)
  3 bats (D:1)
  2 frilled lizards (D:1)
  3 rats (D:1)
16 creatures vanquished.

Vanquished Creatures (others)
  36 foxfires
36 creatures vanquished.

Grand Total: 52 creatures vanquished

Notes
Turn   | Place    | Note
-------+----------+-------------------------------------------
     0 | D:1      | Andrea the Deep Elf Fire Elementalist began the quest for
                  | the Orb.
     0 | D:1      | Reached XP level 1. HP: 10/10 MP: 6/6
   549 | D:1      | Reached XP level 2. HP: 15/15 MP: 4/8
   638 | D:1      | Learned a level 2 spell: Scorch
   724 | D:1      | You fall into a shaft and drop 1 floor!
   738 | D:2      | Noticed a phantom
   773 | D:2      | Slain by a phantom

Illustrated notes

Levels and vault maps discovered:
D:1:      lemuel_arrival_behind_the_door_small, layout_basic,
          minmay_pentomino_p2
D:2:      layout_rooms, minivault_26, kennysheep_nub, uniq_crazy_yiuf_cottage

Action                   || total
-------------------------++-------
Melee: Unarmed           ||     2
 Cast: Foxfire           ||    27
       Scorch            ||     1
  Use: Scroll            ||     2
Armor: Robe              ||    21
Dodge: Dodged            ||    23
